 Dungeon Crawl Stone Soup version 0.22-a0-443-g17c3723 (webtiles) character file.

49 Gorglomux the Chopper (level 3, 0/23 HPs)
             Began as a Gargoyle Fighter on June 1, 2018.
             Slain by an ogre
             ... wielding a +0 giant club
              (23 damage)
             ... on level 4 of the Dungeon.
             The game lasted 00:00:22 (914 turns).

Gorglomux the Chopper (Gargoyle Fighter)             Turns: 914, Time: 00:00:23

Health: 0/23       AC: 10    Str: 20    XL:     3   Next: 77%
Magic:  3/3        EV:  7    Int:  8    God:
Gold:   53         SH:  9    Dex:  9    Spells: 2/2 levels left

rFire    . . .     SeeInvis .   a - +0 war axe
rCold    . . .     Gourm    .   c - +0 shield
rNeg     + . .     Faith    .   b - +0 scale mail
rPois    ∞         Spirit   .   (no helmet)
rElec    +         Reflect  .   (no cloak)
rCorr    .         Harm     .   (no gloves)
MR       .....                  (no boots)
Stlth    ..........             (no amulet)
HPRegen  0.07/turn              (no ring)
MPRegen  0.08/turn              (no ring)

@: no status effects
A: negative energy resistance 1, electricity resistance, unbreathing,
petrification resistance, rot immunity, AC +3
a: no special abilities


You were on level 4 of the Dungeon.
You were not hungry.

You visited 1 branch of the dungeon, and saw 4 of its levels.

You collected 53 gold pieces.

Inventory:

Hand Weapons
 a - a +0 war axe (weapon)
Armour
 b - a +0 scale mail (worn)
 c - a +0 shield (worn)
Jewellery
 j - an uncursed ring of fire {unknown}
Scrolls
 h - 3 scrolls of teleportation {unknown}
 i - 3 scrolls of identify {unknown}
 k - a scroll of fog {unknown}
 l - a scroll of random uselessness {unknown}
 m - a scroll of magic mapping {unknown}
 n - a scroll of noise {unknown}
Potions
 d - a potion of might
Comestibles
 f - 2 rations


   Skills:
 - Level 3.2 Fighting
 + Level 3.6 Axes
 - Level 3.2 Armour
 - Level 3.2 Shields


You had 2 spell levels left.
You didn't know any spells.
Your spell library was empty.

Dungeon Overview and Level Annotations

Branches:
Dungeon (4/15)
 Temple: D:4-7

Altars:
Dithmenos
Makhleb
Xom
Yredelemnul
Zin


Innate Abilities, Weirdness & Mutations

You are resistant to torment.
Your stone body is resilient. (AC +3)
You are immune to poison.
You resist negative energy. (rN+)
You are resistant to electric shocks. (rElec)
You can survive without breathing.
You are immune to petrification.
You are immune to rotting.


Message History

No target in view!!!
No target in view!!!
Butt target in view!!!
Unknown command!
(D) Dungeon
Where to? (Enter - D:4, ? - help) Butt, then!
(D) Dungeon
Where to? (Enter - D:4, ? - help)
You see here a club!
There is a stone staircase leading butt here!
You climb downwards!
An ogre comes into view! It is wielding a giant club!
The ogre shouts!!!
There is a stone staircase leading up here!
An ogre is nearby!!!
Your shield and scale mail prevent you from butt the ogre!
The ogre hits you with a giant club!!!!!!
DANG rip

♣♣...♣
♣.... #....
####....
.......#
#....#
#....####
#.O@<..#
###.......#
#.##.##.#
#.# .# #..
# #.# #.#
#.#


You could see an ogre.

Vanquished Creatures
  2 adders (D:2)
  A leopard gecko (D:2)
  2 giant cockroaches (D:3)
  4 goblins
  4 hobgoblins
  A quokka (D:2)
  3 ball pythons (D:2)
  3 bats
  7 frilled lizards
  3 kobolds
  3 rats
33 creatures vanquished.

Notes
Turn   | Place    | Note
-------+----------+-------------------------------------------
     0 | D:1      | Gorglomux the Gargoyle Fighter began the quest for the Orb.
     0 | D:1      | Reached XP level 1. HP: 14/14 MP: 1/1
   115 | D:1      | Reached XP level 2. HP: 19/19 MP: 2/2
   242 | D:2      | Reached skill level 3 in Axes
   261 | D:2      | Reached XP level 3. HP: 21/23 MP: 3/3
   317 | D:2      | Found a glowing silver altar of Zin.
   317 | D:2      | Found a burning altar of Makhleb.
   324 | D:2      | Found a shadowy altar of Dithmenos.
   326 | D:2      | Found a shimmering altar of Xom.
   327 | D:2      | Found a basalt altar of Yredelemnul.
   912 | D:4      | Noticed an ogre
   914 | D:4      | Slain by an ogre

Vault maps used:
D:1:      ncdulo_smallfort
D:2:      chequers_temple_overflow_minitemple, minmay_surrounded
D:4:      grunt_temple_overflow_diamond, first_ration, kennysheep_diamond,
          minivault_5, hangedman_abyss_or_decor_stagger,
          uniq_crazy_yiuf_cottage, uniq_edmund, uniq_robin, uniq_natasha,
          uniq_menkaure, uniq_eustachio

Skill      XL: |  1  2 |
---------------+-------+-----
Axes           | 2 3 |  3.6
Fighting       | |  3.2
Armour         | |  3.2
Shields        | |  3.2

Action                   || total
-------------------------++-------
Melee: War axe           ||   113
Armor: Scale mail        ||    55
Dodge: Dodged            ||    44
Block: Shield            ||    67

Table legend:
 A = Spawn XP
 B = Non-spawn XP
 C = Spawn XP percentage of total XP
 D = Spawn monster count
 E = Non-spawn monster count
 F = Spawn count percentage of total count
 G = Total turns spent on level
                    A         B        C        D         E        F      G
               +---------+---------+-------+---------+---------+-------+---------
         Total |       0 |      71 |   0.0 |       0 |      33 |   0.0 |   914
               +---------+---------+-------+---------+---------+-------+---------
           D:1 |       0 |      12 |   0.0 |       0 |      10 |   0.0 |   154
           D:2 |       0 |      50 |   0.0 |       0 |      18 |   0.0 |   288
           D:3 |       0 |       9 |   0.0 |       0 |       5 |   0.0 |   470
               +---------+---------+-------+---------+---------+-------+---------
